 Dungeon Crawl Stone Soup version 0.30.0-29-ga12c61a403 (webtiles) character file.

Game seed: 15424077694852119178

23 monsoonserge the Conjurer (level 2, -2/20 HPs)
             Began as a Draconian Conjurer on June 7, 2023.
             Frozen to death by an endoplasm (4 damage)
             ... on level 1 of the Dungeon.
             The game lasted 00:02:51 (630 turns).

monsoonserge the Conjurer (Draconian Conjurer)       Turns: 630, Time: 00:02:52

Health: -2/20      AC:  4    Str:  9    XL:     2   Next: 72%
Magic:  1/5        EV: 12    Int: 18    God:
Gold:   26         SH:  0    Dex:  9    Spells: 2/5 levels left

rFire   . . .        b - +0 dagger
rCold   . . .        (no shield)
rNeg    . . .        (body armour unavailable)
rPois   .            (helmet restricted)
rElec   .            (no cloak)
rCorr   .            (no gloves)
SInv    .            (no boots)
Will    .....        (no amulet)
Stlth   ++           (no ring)
HPRegen 0.23/turn    (no ring)
MPRegen 0.09/turn

%: no passive effects
@: attractive
A: AC +4, unfitting armour, cold-blooded
a: no special abilities


You were on level 1 of the Dungeon.
You visited 1 branch of the dungeon, and saw 1 of its levels.

You collected 26 gold pieces.

Inventory:

Hand Weapons
 b - a +0 dagger (weapon)
Scrolls
 c - a scroll of poison {unknown}
 d - a scroll of fear {unknown}
Potions
 a - a potion of magic


   Skills:
 + Level 2.0 Dodging
 + Level 1.9 Stealth
 + Level 2.1 Spellcasting
 + Level 4.5 Conjurations


You had 2 spell levels left.
You knew the following spells:

 Your Spells              Type           Power      Damage    Failure   Level
a - Magic Dart            Conj           72%        1d6       2%          1
b - Searing Ray           Conj           36%        2d5       4%          2

Your spell library contained the following spells:

 Spells                   Type           Power      Damage    Failure   Level
 Dazzling Flash           Conj/Hex       20%        N/A       22%         3
 Fulminant Prism          Conj/Hex       5%         3d6       56%         4
 Iskenderun's Mystic Bla  Conj/Tloc      10%        2d4       56%         4


Dungeon Overview and Level Annotations

Branches:
Dungeon (1/15)

Altars:


Innate Abilities, Weirdness & Mutations

Your plain brown scales are hard. (AC +4)
You cannot fit into any form of body armour.
You are cold-blooded and may be slowed by cold attacks.


Message History

Unknown command.
You closely miss the jackal.
The jackal bites you but does no damage.
The jackal closely misses you. The endoplasm freezes you.
You are frozen.
You hit the jackal.
You tail-slap the jackal, but do no damage.
The jackal is heavily wounded.
The jackal closely misses you. The endoplasm closely misses you.
You closely miss the jackal.
The jackal is heavily wounded.
The jackal bites you but does no damage.
The frilled lizard unfolds its giant frill.
The endoplasm hits you but does no damage.
You closely miss the jackal. You tail-slap the jackal.
The jackal is almost dead.
The jackal bites you. x2
* * * LOW HITPOINT WARNING * * *
The endoplasm freezes you.
You are frozen.
* * * LOW HITPOINT WARNING * * *
You feel yourself slow down.
It was a potion of attraction.
You feel attractive to monsters. The jackal barely misses you.
The endoplasm hits you.
* * * LOW HITPOINT WARNING * * *
The jackal misses you.
Casting: Searing Ray (safe; 4% risk of failure)
Confirm with . or Enter, or press ? or * to list all spells.
Aiming: Magic Dart (safe; 2% risk of failure)
Press: ? - help, Shift-Dir - straight line, f - jackal, p - endoplasm
Aim: a jackal (almost dead, 100% to hit)
The magic dart hits the jackal but does no damage.
The jackal is almost dead.
You feel yourself speed up.
The jackal bites you but does no damage.
The endoplasm freezes you.
You are frozen.
You die...

## ### .. #.. ..
#### #.# .# ...#
#.# $## ##.# #.#
l.# #.# #.# ##J#
#.# #.# ###@#
##.###.# #.h##
.......# #.#.#
...#...# #.##.#
.....#.# #.# #h#
+#..##.### #.#
h# ⌠####....#
#.# #
<⌠++..8#.#####.#
⌠####..#.......#


You could see an endoplasm, a jackal and a frilled lizard.

Vanquished Creatures
  A dart slug (D:1)
  An endoplasm (D:1)
  2 goblins (D:1)
  2 hobgoblins (D:1)
  4 jackals (D:1)
  A quokka (D:1)
  2 ball pythons (D:1)
  4 bats (D:1)
  2 frilled lizards (D:1)
19 creatures vanquished.

Notes
Turn   | Place    | Note
-------+----------+-------------------------------------------
     0 | D:1      | monsoonserge the Draconian Conjurer began the quest for the
                  | Orb.
     0 | D:1      | Reached XP level 1. HP: 14/14 MP: 3/3
   221 | D:1      | Reached XP level 2. HP: 15/20 MP: 1/5
   264 | D:1      | Learned a level 2 spell: Searing Ray
   630 | D:1      | Frozen to death by an endoplasm

Illustrated notes

Levels and vault maps discovered:
D:1:      grunt_arrival_crossed_arrows, layout_loops_ring

Skill      XL: |  1  2 |
---------------+-------+-----
Dodging        | 2 |  2.0
Stealth        | |  1.9
Spellcasting   | |  2.1
Conjurations   | |  4.5

Action                     || total
---------------------------++-------
  Melee: Dagger            ||    51
         Tailslap          ||     7
   Cast: Magic Dart        ||    36
    Use: Potion            ||     1
 Armour: Skin              ||    22
  Dodge: Dodged            ||    51
